 Dungeon Crawl Stone Soup version 0.21.1-1-g345015f (webtiles) character file.

465 Kagorn the Shooter (level 7, -1/61 HPs)
             Began as a Hill Orc Hunter on June 22, 2018.
             Slain by a killer bee (7 damage)
             ... on level 4 of the Dungeon.
             The game lasted 00:33:04 (3857 turns).

Kagorn the Shooter (Hill Orc Hunter)                Turns: 3857, Time: 00:33:05

Health: -1/61      AC:  4    Str: 15    XL:     7   Next: 8%
Magic:  7/7        EV: 12    Int: 11    God:
Gold:   247        SH:  0    Dex: 13    Spells: 6/6 levels left

rFire    . . .     SeeInvis .   i - +2 hand axe (freeze)
rCold    . . .     Gourm    .   (no shield)
rNeg     . . .     Faith    .   c - +0 leather armour
rPois    .         Spirit   .   (no helmet)
rElec    .         Reflect  .   (no cloak)
rCorr    .         Harm     .   (no gloves)
MR       +....                  n - +0 pair of boots {run}
Stlth    ++........             (no amulet)
HPRegen  0.20/turn              (no ring)
MPRegen  0.10/turn              (no ring)

@: lethally poisoned (-1 -> -19), quick
A: talons 2, blink, magic resistance 1
a: Blink


You were on level 4 of the Dungeon.
You were not hungry.

You visited 1 branch of the dungeon, and saw 4 of its levels.

You collected 247 gold pieces.

Inventory:

Hand Weapons
 a - a +2 shortbow
 i - a +2 hand axe of freezing (weapon)
Missiles
 d - 24 arrows
Armour
 c - a +0 leather armour (worn)
 n - a +0 pair of boots of running (worn)
 v - a +0 helmet
Scrolls
 b - 4 scrolls of teleportation
 h - 2 scrolls of enchant weapon
 p - 3 scrolls of blinking
 q - 3 scrolls of identify
 t - 4 scrolls of remove curse
 u - 2 scrolls of fear
 w - a scroll of enchant armour {unknown}
Potions
 e - 2 potions of haste
 g - a potion of mutation
 j - 2 potions of invisibility
 k - a potion of brilliance {unknown}
 m - a potion of degeneration {unknown}
 o - a potion of berserk rage {unknown}
 r - a potion of agility {unknown}
 s - 2 potions of curing {unknown}
Comestibles
 f - 3 rations


   Skills:
 * Level 5.1 Fighting
 + Level 2.3 Axes
 * Level 5.2 Bows
 + Level 2.7 Dodging
 + Level 2.4 Stealth


You had 6 spell levels left.
You didn't know any spells.

Dungeon Overview and Level Annotations

Branches:
Dungeon (4/15)
 Temple: D:4-7

Altars:
Ashenzari
Fedhas
Nemelex Xobeh
Okawaru
Qazlal
Ru


Innate Abilities, Weirdness & Mutations

You have razor-sharp toenails.
You can translocate small distances at will.
You are resistant to hostile enchantments. (MR+)


Message History

* * * LOW HITPOINT WARNING * * *
Unknown command.
Okay, then.
You feel much better.
You feel sick. The killer bee stings you. x2
The killer bee misses you. The killer bee closely misses you.
You feel sick.
The killer bee stings you but does no damage.
You feel sick. The killer bee closely misses you.
You feel sick.
You feel sick. The killer bee stings you.
* * * LOW HITPOINT WARNING * * *
* * * LOW HITPOINT WARNING * * *
You feel sick.
The killer bee stings you but does no damage.
The killer bee barely misses you. The killer bee closely misses you.
You feel sick. The killer bee stings you.
* * * LOW HITPOINT WARNING * * *
You are more poisoned.
The killer bee poisons you! The killer bee stings you!
You die...

... #...#........ ############.#
##+##†.##..##....
##.#...##.##.####..##'###..##....
..............#........'.........
..............#........#.........
..............#........#>..######
...##..####..###...##..#...# ....
...##..####..###yy.#######.##....
...##.....#...#.@..##..##...##...
..........#...#.......##.....##..
..........#...'>......#.......#..
..........#...#..........._......
...##'##########...##.#.......#..
...##....##...##########.....##..
......<.......#........##...##...
..............#...(....###.##....
...##....##...##...##..###.##....


You could see 2 killer bees.

Vanquished Creatures
  A bullfrog (D:4)
  A killer bee (D:4)
  An orc priest (D:3)
  2 orc wizards
  3 worker ants (D:4)
  7 adders
  3 gnolls (D:3)
  An ooze (D:2)
  3 worms
  4 dart slugs
  2 leopard geckos
  6 orcs
  7 bats
  7 giant cockroaches
  8 goblins
  9 hobgoblins
  3 jackals (D:2)
  A quokka (D:3)
  2 ball pythons
  5 frilled lizards
  6 kobolds
  11 rats
93 creatures vanquished.

Notes
Turn   | Place    | Note
-------+----------+-------------------------------------------
     0 | D:1      | Kagorn the Hill Orc Hunter began the quest for the Orb.
     0 | D:1      | Reached XP level 1. HP: 18/18 MP: 1/1
   116 | D:1      | Reached XP level 2. HP: 15/25 MP: 2/2
   476 | D:1      | Identified a +0 pair of boots of running (You found it on level 1 of the Dungeon)
   499 | D:1      | Reached skill level 1 in Stealth
   513 | D:1      | Reached XP level 3. HP: 31/31 MP: 3/3
   931 | D:2      | Found an iron altar of Okawaru.
  1354 | D:2      | Reached XP level 4. HP: 37/38 MP: 4/4
  1497 | D:2      | Found a stormy altar of Qazlal.
  1499 | D:2      | Noticed a water elemental
  1500 | D:2      | Noticed an air elemental
  1500 | D:2      | Noticed an earth elemental
  1500 | D:2      | Noticed a fire elemental
  2540 | D:3      | Reached XP level 5. HP: 37/46 MP: 5/5
  2544 | D:3      | Reached skill level 1 in Axes
  2575 | D:3      | Found a blossoming altar of Fedhas.
  3005 | D:3      | Found a shattered altar of Ashenzari.
  3104 | D:3      | Reached XP level 6. HP: 32/53 MP: 6/6
  3313 | D:4      | Found a sacrificial altar of Ru.
  3349 | D:4      | Found a sparkling altar of Nemelex Xobeh.
  3367 | D:4      | Reached skill level 5 in Bows
  3670 | D:4      | Reached skill level 5 in Fighting
  3848 | D:4      | Reached XP level 7. HP: 19/61 MP: 7/7
  3848 | D:4      | HP: 3/61 [killer bee (7)]
  3850 | D:4      | Gained mutation: You can translocate small distances at will. [potion of mutation]
  3850 | D:4      | Gained mutation: You have sharp toenails. [potion of mutation]
  3850 | D:4      | Gained mutation: You have razor-sharp toenails. [potion of mutation]
  3850 | D:4      | Gained mutation: You are resistant to hostile enchantments. (MR+) [potion of mutation]
  3857 | D:4      | Slain by a killer bee

Skill      XL: |  1  2  3  4  5  6 |
---------------+-------------------+-----
Bows           | 4 5 |  5.2
Stealth        | 1 2 |  2.4
Fighting       | 3 4 5 |  5.1
Dodging        | 2 |  2.7
Axes           | 1 2 |  2.3

Action                   |  1- 3 |  4- 6 |  7- 9 || total
-------------------------+-------+-------+-------++-------
Melee: Short sword       |    51 |    37 |       ||    88
       Hand axe          |       |    44 |       ||    44
       Shortbow          |       |     1 |       ||     1
 Fire: Shortbow          |    68 |   108 |       ||   176
  Use: Potion            |     1 |     2 |     3 ||     6
       Scroll            |       |     9 |       ||     9
  Eat: Ration            |     1 |     2 |       ||     3
Armor: Leather armour    |    35 |    22 |     2 ||    59
Dodge: Dodged            |    60 |    75 |    10 ||   145
